 Dungeon Crawl Stone Soup version 0.29.1-2-gbd0b4ee654 (webtiles) character file.

Game seed: 11713789138814192434

4 H0rd4k the Charlatan (level 1, 0/13 HPs)
             Began as an Octopode Artificer on Nov 3, 2022.
             Slain by a kobold
             ... wielding a +0 club
              (4 damage)
             ... on level 1 of the Dungeon.
             The game lasted 00:00:06 (39 turns).

H0rd4k the Charlatan (Octopode Artificer)             Turns: 39, Time: 00:00:07

Health: 0/13       AC:  1    Str: 11    XL:     1   Next: 70%
Magic:  1/1        EV: 13    Int: 13    God:
Gold:   0          SH:  0    Dex: 12    Spells: 0/0 levels left

rFire   . . .      SeeInvis .   a - +0 club
rCold   . . .      Faith    .   (no shield)
rNeg    . . .      Spirit   .   (helmet restricted)
rPois   .          Reflect  .   (no amulet)
rElec   .          Harm     .   (no ring)
rCorr   .          Rampage  .   (no ring)
Will    .....                   (no ring)
Stlth   +++.......              (no ring)
HPRegen 0.04/turn               (no ring)
MPRegen 0.07/turn               (no ring)
                                (no ring)
                                (no ring)

@: no status effects
A: almost no armour, amphibious, 8 rings, camouflage 1, gelatinous body 1,
(nimble swimmer 1), tentacles
a: no special abilities


You were on level 1 of the Dungeon.
You visited 1 branch of the dungeon, and saw 1 of its levels.

Inventory:

Hand Weapons
 a - a +0 club (weapon)
Wands
 b - a wand of flame (15) (quivered)
 c - a wand of charming (15)
 d - a wand of iceblast (5)


   Skills:
 + Level 1.0 Fighting
 + Level 2.4 Dodging
 - Level 1.3 Stealth
 + Level 3.5 Evocations


You couldn't memorise any spells.
You didn't know any spells.
Your spell library was empty.

Dungeon Overview and Level Annotations

Branches:
Dungeon (1/15)

Altars:


Innate Abilities, Weirdness & Mutations

You cannot wear most types of armour.
You are amphibious.
You can wear up to eight rings at the same time.
Your skin changes colour to match your surroundings (Stealth+).
Your rubbery body absorbs attacks. (AC +1, EV +1)
((You are camouflaged when in or above water. (Stealth+)))
You have tentacles for arms and can constrict up to eight enemies at once.


Message History

Press ? for a list of commands and other information.
Found a staircase leading out of the dungeon.
Unknown command.
You see here a +2 whip of venom.
You open the gate.
A dart slug comes into view.
There is an open gate here.
A dart slug is nearby!
A frilled lizard and a kobold come into view.
There are monsters nearby!
There are monsters nearby!
The frilled lizard hisses angrily.
The kobold shouts!
The dart slug launches a dart at you. The slug dart misses you.
A kobold comes into view. It is wielding a +0 club.
The kobold shouts!
You hit the frilled lizard.
You kill the frilled lizard!
A ball python comes into view.
The ball python hisses angrily.
You hit the dart slug. You grab the dart slug.
The dart slug is heavily wounded.
You constrict the dart slug. The dart slug launches a dart at you.
The slug dart misses you.
You release your grip on the dart slug.
You hit the kobold. Your grab misses the kobold. You squeeze the kobold.
You kill the kobold!
You hit the dart slug.
You kill the dart slug!
The ball python bites you. The ball python barely misses you.
Things that are here:
a +0 short sword; a dart slug corpse The ball python misses you.
The ball python closely misses you.
Found 16 gold pieces.
The ball python barely misses you. The ball python grabs you.
The ball python constricts you. The kobold hits you with a +0 club.
The ball python bites you. The ball python constricts you.
You escape the ball python's grasp.
The kobold hits you with a +0 club.
You die...

##. .... .....###..#.#
..........#. ...........
########### ..........#
P♣P..~≈≈≈# ..........#
#....~~≈≈#
........†.#####.....~≈≈#
.$......KS##.'...♣..~≈≈#
##...@..)..'......~≈≈#
#########.'....)~≈≈≈#
#.##P...~~~≈#
#.##.....~≈≈#
#.#......≈≈≈#
#.#♣....~≈≈≈#
#.#♣....~≈≈≈#
#.#P.....~~≈#
..#.......~≈#


You could see a ball python and a kobold.

Vanquished Creatures
  A dart slug (D:1)
  A kobold (D:1)
  A frilled lizard (D:1)
3 creatures vanquished.

Notes
Turn   | Place    | Note
-------+----------+-------------------------------------------
     0 | D:1      | H0rd4k the Octopode Artificer began the quest for the Orb.
     0 | D:1      | Reached XP level 1. HP: 13/13 MP: 1/1
    39 | D:1      | Slain by a kobold

Illustrated notes

Levels and vault maps discovered:
D:1:      kennysheep_arrival_seaside, layout_basic,
          nicolae_ecumenical_snake_handling

Action                   || total
-------------------------++-------
Melee: Club              ||     4
       Constrict         ||     1
       Tentacles         ||     1
Dodge: Dodged            ||     6
